 Dungeon Crawl Stone Soup version 0.29.1-1-gd02db6906a (webtiles) character file.

Game seed: 13862639125225944720

631 sankara the Cudgeller (level 7, -3/44 HPs)
             Began as a Gargoyle Fighter on Oct 13, 2022.
             Was an Initiate of Makhleb.
             Slain by an ogre
             ... wielding a +0 giant club
              (6 damage)
             ... on level 4 of the Dungeon.
             The game lasted 00:08:35 (4129 turns).

sankara the Cudgeller (Gargoyle Fighter)            Turns: 4129, Time: 00:08:36

Health: -3/44      AC: 21    Str: 19    XL:     7   Next: 48%
Magic:  7/7        EV:  9    Int:  9    God:    Makhleb [......]
Gold:   43         SH:  5    Dex: 11    Spells: 6/6 levels left

rFire   . . .      SeeInvis .   a - +1 flail (protect)
rCold   + . .      Faith    .   c - +0 buckler
rNeg    + . .      Spirit   .   b - +0 scale mail
rPois   ∞          Reflect  .   (no helmet)
rElec   +          Harm     .   (no cloak)
rCorr   .          Rampage  .   p - +0 pair of gloves
Will    .....                   f - +0 pair of boots
Stlth   ..........              (no amulet)
HPRegen 0.14/turn               s - ring of protection from cold
MPRegen 0.10/turn               (no ring)

@: under a protective aura
A: sickness immunity, AC +4, negative energy resistance 1, electricity
resistance, torment resistance 1, petrification resistance
a: Renounce Religion


You were on level 4 of the Dungeon.
You worshipped Makhleb.
Makhleb was noncommittal.
You visited 2 branches of the dungeon, and saw 6 of its levels.

You collected 178 gold pieces.
You spent 135 gold pieces at shops.

Inventory:

Hand Weapons
 a - a +1 flail of protection (weapon)
 C - a +0 flail
Missiles
 i - 26 stones (quivered)
 o - 9 poisoned darts
Armour
 b - a +0 scale mail (worn)
 c - a +0 buckler (worn)
 f - a +0 pair of boots (worn)
 p - a +0 pair of gloves (worn)
 A - a +0 plate armour
Jewellery
 s - a ring of protection from cold (left hand)
 E - a ring of fire
 G - a ring of resist corrosion
Scrolls
 d - a scroll of fear {unknown}
 e - 8 scrolls of identify {unknown}
 j - 5 scrolls of teleportation {unknown}
 k - a scroll of noise {unknown}
 n - 2 scrolls of vulnerability {unknown}
 q - a scroll of poison {unknown}
 v - a scroll of magic mapping {unknown}
 w - 2 scrolls of enchant armour {unknown}
 y - a scroll of enchant weapon {unknown}
Potions
 g - a potion of attraction {unknown}
 h - 4 potions of curing {unknown}
 l - 4 potions of heal wounds {unknown}
 m - 3 potions of brilliance {unknown}
 r - a potion of mutation {unknown}
 t - a potion of might
 u - a potion of lignification {unknown}
 x - a potion of berserk rage {unknown}
 z - a potion of ambrosia {unknown}
 B - 3 potions of haste {unknown}
 D - a potion of cancellation {unknown}
 F - 3 potions of flight {unknown}


   Skills:
 + Level 5.0 Fighting
 * Level 5.3 Maces & Flails
 + Level 5.0 Armour
 - Level 5.0 Shields


You had 6 spell levels left.
You didn't know any spells.
Your spell library contained the following spells:

 Spells                   Type           Power      Damage    Failure   Level
 Beastly Appendage        Tmut           0%         N/A       83%         1
 Wereblood                Tmut           0%         N/A       92%         2
 Gell's Gravitas          Tloc           0%         N/A       99%         3
 Ignite Poison            Fire/Tmut/Pois 0%         N/A       99%         3
 Lesser Beckoning         Tloc           0%         N/A       99%         3
 Mephitic Cloud           Conj/Pois/Air  0%         N/A       99%         3
 Spider Form              Tmut/Pois      0%         N/A       99%         3
 Teleport Other           Tloc           0%         N/A       99%         3
 Freezing Cloud           Conj/Ice/Air   0%         6-21      100%        5


Dungeon Overview and Level Annotations

Branches:
Dungeon (5/15)             Temple (1/1) D:4

Altars:
Cheibriados
Elyvilon
Fedhas
Gozag
Kikubaaqudgha
Makhleb
Nemelex Xobeh
Qazlal
Ru
Sif Muna
Trog
Uskayaw
Vehumet
Wu Jian
Zin
The Shining One

Shops:
D:4 *


Innate Abilities, Weirdness & Mutations

You are immune to sickness and miasma.
Your stone body is resilient. (AC +4)
You are immune to poison.
You resist negative energy. (rN+)
You are resistant to electric shocks. (rElec)
You are resistant to unholy torment.
You are immune to petrification.


Message History

The centaur shoots an arrow.
The arrow hits you but does no damage.
The iguana bites you but does no damage.
The centaur shoots an arrow.
The arrow misses you.
The centaur shoots an arrow.
The arrow hits you but does no damage.
There is a stone staircase leading up here.
The centaur shoots an arrow.
The arrow hits you but does no damage. You block the iguana's attack.
You climb upwards.
There is a stone staircase leading down here.
You closely miss the iguana.
The iguana is severely wounded.
The iguana barely misses you.
You hit the iguana.
Your weapon exudes an aura of protection.
The iguana is almost dead.
The iguana bites you but does no damage.
The iguana closely misses you.
You hit the iguana.
You kill the iguana!
Makhleb accepts your kill.
There is a stone staircase leading down here.
You start resting.
HP restored.
You climb downwards.
The centaur shoots an arrow.
The arrow hits you. The arrow freezes you.
The ogre hits you with a +0 giant club!!
Ouch! That really hurt!
There is a stone staircase leading up here.
Unknown command.
The ogre completely misses you. You block the ogre's attack.
You climb upwards.
There is a stone staircase leading down here.
You hit the ogre but do no damage.
Your weapon exudes an aura of protection.
The ogre barely misses you.
You barely miss the ogre.
The ogre hits you with a +0 giant spiked club!
* * * LOW HITPOINT WARNING * * *
The ogre attacks as you move away! The ogre hits you with a +0 giant club.
You die...

#......................##
#.....................##
#......................#
###..............##....##
#..........##.....†...#
#........#####...#....#
##..........##...#.....
##....O....##.........
#####...@##.<............
#########..#....O###.............
................###.......###....
######.##......[........#.#......
.......##......#[##.....#......#.
#.#.#..##......#..###...#.....###
........##........#.#............
..#...#..###..........#...##.....
#...#....##...........#..........


You could see 2 ogres.

Vanquished Creatures
  Sigmund (D:2)
  A black bear (D:4)
  A scorpion (D:3)
  A howler monkey (D:4)
  A jelly (D:4)
  A hound (D:5)
  2 iguanas (D:4)
  4 gnolls
  4 adders
  2 worms
  3 dart slugs
  3 orcs
  3 bats
  7 endoplasms
  6 giant cockroaches
  8 goblins
  9 hobgoblins
  10 jackals
  4 quokkas
  7 ball pythons
  6 frilled lizards
  3 kobolds
  5 rats
92 creatures vanquished.

Vanquished Creatures (others)
  5 plants (D:2)
5 creatures vanquished.

Grand Total: 97 creatures vanquished

Notes
Turn   | Place    | Note
-------+----------+-------------------------------------------
     0 | D:1      | sankara the Gargoyle Fighter began the quest for the Orb.
     0 | D:1      | Reached XP level 1. HP: 14/14 MP: 1/1
    95 | D:1      | Reached XP level 2. HP: 13/19 MP: 2/2
   436 | D:1      | Reached XP level 3. HP: 21/23 MP: 3/3
   960 | D:2      | Reached XP level 4. HP: 29/29 MP: 4/4
  1119 | D:2      | Found a faded altar of an unknown god.
  1356 | D:2      | Noticed Sigmund
  1367 | D:2      | Killed Sigmund
  1368 | D:2      | Reached XP level 5. HP: 31/34 MP: 5/5
  1368 | D:2      | Reached XP level 6. HP: 36/39 MP: 6/6
  2812 | D:3      | Found an ornate altar of the Wu Jian Council.
  2989 | D:4      | Noticed a black bear
  3000 | D:4      | Killed a black bear
  3001 | D:4      | Reached XP level 7. HP: 29/44 MP: 7/7
  3131 | D:4      | Found a staircase to the Ecumenical Temple.
  3142 | Temple   | Entered the Ecumenical Temple
  3235 | Temple   | Became a worshipper of Makhleb the Destroyer
  3268 | D:4      | Reached skill level 5 in Maces & Flails
  3574 | D:4      | Found Wan Lyx's Assorted Antiques.
  3585 | D:4      | Bought a shiny brass ring for 135 gold pieces
  3865 | D:4      | Found a radiant altar of Vehumet.
  3874 | D:4      | Reached skill level 5 in Shields
  3928 | D:5      | Entered Level 5 of the Dungeon
  3954 | D:5      | Reached skill level 5 in Fighting
  3954 | D:5      | Reached skill level 5 in Armour
  4129 | D:4      | Slain by an ogre

Illustrated notes

Levels and vault maps discovered:
D:1:      kennysheep_arrival_seaside, layout_rooms
D:2:      layout_basic, hellmonk_ecumenical_altar_blasted,
          serial_bayou_crossing, uniq_sigmund
D:3:      wad_crossroads, layout_basic, nicolae_wu_jian_immortal_techniques
D:4:      layout_cave_pools, nicolae_vehumet_radiance, temple_fountains,
          serial_shops, shop
D:5:      nicolae_BIG_FREAKIN_CUBE, layout_basic, minmay_chambers_of_fives
Temple:   compressed_dpeg_circular_temple

Skill      XL: |  1  2  3  4  5  6  7 |
---------------+----------------------+-----
Maces & Flails | 3 4 5 |  5.3
Fighting       | 4 5 |  5.0
Armour         | 4 5 |  5.0
Shields        | 4 5 |  5.0

Action                   |  1- 3 |  4- 6 |  7- 9 || total
-------------------------+-------+-------+-------++-------
Melee: Flail             |   103 |   154 |    75 ||   332
  Use: Potion            |       |     1 |       ||     1
Armor: Scale mail        |    74 |    90 |    58 ||   222
Dodge: Dodged            |    61 |    75 |    52 ||   188
Block: Buckler           |    24 |    39 |    26 ||    89
